 Dungeon Crawl Stone Soup version 0.28.0 (webtiles) character file.

Game seed: 2165695905765499817

2261 GrayStillPlays the Shield-Bearer (level 9, -2/74 HPs)
             Began as a Gnoll Fighter on Feb 7, 2022.
             Succumbed to a killer bee's poison
             ... in the Ecumenical Temple.
             The game lasted 00:16:29 (6294 turns).

GrayStillPlays the Shield-Bearer (Gnoll Fighter)    Turns: 6294, Time: 00:16:30

Health: -2/74      AC: 16    Str: 15    XL:     9   Next: 38%
Magic:  24/24      EV: 10    Int: 11    God:
Gold:   385        SH:  6    Dex: 13    Spells: 16/16 levels left

rFire   . . .      SeeInvis .   n - +3 long sword {long}
rCold   + . .      Faith    .   c - +0 buckler
rNeg    . . .      Spirit   .   F - +7 Kryia's mail coat {PotionHeal*2 rC+}
rPois   .          Reflect  .   (no helmet)
rElec   .          Harm     .   G - scarf {shadows}
rCorr   +          Rampage  .   (no gloves)
Will    .....                   H - +0 pair of boots
Stlth   +.........              S - amulet of the acrobat
HPRegen 0.22/turn               w - ring of resist corrosion
MPRegen 0.19/turn               A - ring of magical power

@: mighty, brilliant, lethally poisoned (-2 -> -20)
A: fangs 1, strong nose, distributed training
a: no special abilities


You were in the Ecumenical Temple.
You visited 2 branches of the dungeon, and saw 8 of its levels.

You collected 385 gold pieces.


Innate Abilities, Weirdness & Mutations

You have very sharp teeth.
Your uncanny sense of smell can sniff out nearby items.
Your experience applies equally to all skills.


   Skills:
 + Level 7.8 Fighting
 + Level 4.2 Short Blades
 + Level 4.2 Long Blades
 + Level 6.3 Axes
 + Level 4.2 Maces & Flails
 + Level 4.2 Polearms
 + Level 4.2 Staves
 + Level 4.2 Slings
 + Level 4.2 Bows
 + Level 4.2 Crossbows
 + Level 4.2 Throwing
 + Level 7.8 Armour
 + Level 4.2 Dodging
 + Level 4.2 Stealth
 + Level 7.8 Shields
 + Level 4.2 Unarmed Combat
 + Level 4.2 Spellcasting
 + Level 3.4 Conjurations
 + Level 3.4 Hexes
 + Level 3.4 Summonings
 + Level 3.4 Necromancy
 + Level 3.4 Translocations
 + Level 3.4 Transmutations
 + Level 3.4 Fire Magic
 + Level 3.4 Ice Magic
 + Level 3.4 Air Magic
 + Level 3.4 Earth Magic
 + Level 3.4 Poison Magic
 + Level 4.6 Invocations
 + Level 4.2 Evocations


You had 16 spell levels left.
You didn't know any spells.
Your spell library contained the following spells:

 Spells                   Type           Power      Damage    Failure   Level
 Shock                    Conj/Air       56%        1d6       22%         1
 Swiftness                Air            14%        N/A       56%         3
 Airstrike                Air            7%         N/A       92%         4

Inventory:

Hand Weapons
 a - a +0 war axe {axe}
 j - a +0 hand axe of freezing {axe}
   (You found it on level 1 of the Dungeon)
 n - a +3 long sword (weapon) {long}
   (You found it on level 2 of the Dungeon)
 p - a +2 dagger of electrocution {short}
   (You took it off a goblin on level 3 of the Dungeon)
 t - a +0 short sword of draining {short}
   (You took it off a kobold on level 3 of the Dungeon)
 R - a +2 antimagic dagger {short}
   (You took it off a kobold on level 7 of the Dungeon)
Missiles
 e - 149 arrows
 f - 31 sling bullets
 i - 284 stones {throwing}
 r - 81 bolts
 u - 5 silver javelins {throwing}
 C - 5 poisoned darts (quivered) {throwing}
 L - 5 boomerangs {throwing}
 O - 2 curare-tipped darts {=fthrowing}
Armour
 b - a +0 scale mail
 c - a +0 buckler (worn)
 o - a +0 troll leather armour {Pargi}
   (You found it on level 2 of the Dungeon)
 F - the +7 Kryia's mail coat (worn) {PotionHeal*2 rC+}
   (You found it on level 5 of the Dungeon)

   Potions are twice as effective at healing its wearer.
   rC:        It protects you from cold.
 G - a scarf of shadows (worn)
   (You found it on level 6 of the Dungeon)
 H - a +0 pair of boots (worn)
   (You found it on level 6 of the Dungeon)
Magical Staves
 B - a staff of conjuration {!a@e2staff}
   (You found it on level 5 of the Dungeon)
 Q - a staff of poison {!astaff}
   (You found it on level 7 of the Dungeon)
Jewellery
 w - a ring of resist corrosion (left hand)
   (You found it on level 4 of the Dungeon)
 A - a ring of magical power (right hand)
   (You found it on level 4 of the Dungeon)
 I - a ring of flight
   (You found it on level 6 of the Dungeon)
 P - a ring of fire
   (You took it off a kobold brigand on level 6 of the Dungeon)
 S - an amulet of the acrobat (around neck)
   (You found it on level 7 of the Dungeon)
Wands
 s - a wand of flame (40)
   (You took it off Natasha on level 3 of the Dungeon)
 N - a wand of polymorph (10)
   (You took it off a kobold on level 6 of the Dungeon)
Scrolls
 g - 3 scrolls of teleportation {unknown}
 l - 3 scrolls of vulnerability {unknown}
 y - 2 scrolls of noise {unknown}
 z - a scroll of amnesia {unknown}
 D - a scroll of summoning {unknown}
 E - a scroll of fear {unknown}
 M - a scroll of identify {@r1}
Potions
 k - a potion of brilliance
 m - 2 potions of flight
 q - 3 potions of mutation {!q}
 v - a potion of heal wounds {unknown}
 x - 2 potions of cancellation {unknown}
 J - a potion of degeneration {unknown}
 K - a potion of attraction {unknown}

Dungeon Overview and Level Annotations

Branches:
Dungeon (7/15)             Temple (1/1) D:7

Altars:
Dithmenos
Makhleb
Trog
Vehumet
Wu Jian

Shops:
D:3

(
≈≈≈...≈≈≈≈≈≈≈
≈≈...≈≈≈≈≈≈≈≈
≈...≈≈≈≈≈≈≈≈≈
≈...≈≈≈≈≈≈≈≈≈
≈≈...≈≈≈≈≈≈≈≈
≈≈≈...≈≈≈≈≈≈≈
≈.....@.....≈
..8..y<...8..
≈...........≈
≈≈≈≈≈≈≈...≈≈≈
≈≈≈≈≈≈≈≈...≈≈
≈≈≈≈≈≈≈≈≈...≈
≈≈≈≈≈≈≈≈≈...≈
≈≈≈≈≈≈≈≈...≈≈


You could see a killer bee.


Message History

You take 13 damage, and now have 5/74 hp.
The +7 Kryia's mail coat enhances the healing.
You feel better.
The killer bee stings you but does no damage.
The killer bee misses you. You block the killer bee's attack.
The killer bee misses you. The killer bee completely misses you.
The killer bee closely misses you. 😨 HP[+14]
You regained 14 hp, and now have 19/74 hp.
The killer bee closely misses you. x2
There is a staircase to the Ecumenical Temple here.
You can't go up here!
You block the killer bee's attack. The killer bee stings you.
* * * LOW HITPOINT WARNING * * *
You are poisoned.
The killer bee poisons you!
The killer bee stings you but does no damage.
The killer bee stings you.
* * * LOW HITPOINT WARNING * * *
You are lethally poisoned!
The killer bee poisons you!
The killer bee stings you but does no damage. x2
You climb downwards.
Welcome to the Ecumenical Temple!
* * * LOW HITPOINT WARNING * * *
You feel very sick.
There is a staircase back to the Dungeon here. 😱 HP[-7]
You take 7 damage, and now have 12/74 hp.
You miss the killer bee.
* * * LOW HITPOINT WARNING * * *
You feel very sick. You block the killer bee's attack.
The killer bee stings you but does no damage. x2
The killer bee closely misses you.
The killer bee stings you but does no damage. x2
The killer bee barely misses you.
The killer bee stings you but does no damage. 😱 HP[-5]
You take 5 damage, and now have 7/74 hp.
The +7 Kryia's mail coat enhances the healing.
You feel better.
The killer bee stings you but does no damage. x3
The killer bee stings you.
* * * LOW HITPOINT WARNING * * *
The killer bee barely misses you. x2 😨 HP[+15]
You regained 15 hp, and now have 22/74 hp.
The +7 Kryia's mail coat enhances the healing.
You feel better.
The killer bee stings you but does no damage.
The killer bee stings you.
* * * LOW HITPOINT WARNING * * *
The killer bee stings you but does no damage. x2
The killer bee stings you.
* * * LOW HITPOINT WARNING * * *
The killer bee completely misses you. 😨 HP[+7]
You regained 7 hp, and now have 29/74 hp.
You slash the killer bee!
You kill the killer bee!
The killer bee barely misses you.
The killer bee stings you but does no damage.
You block the killer bee's attack. x2
The killer bee misses you. The killer bee completely misses you.
Why would you want to do that?
You slash the killer bee!
The killer bee stings you but does no damage.
The killer bee stings you.
* * * LOW HITPOINT WARNING * * *
You block the killer bee's attack. The killer bee stings you.
* * * LOW HITPOINT WARNING * * *
😨 HP[-3]
You take 3 damage, and now have 26/74 hp.
You closely miss the killer bee.
The killer bee stings you but does no damage.
The killer bee stings you!
* * * LOW HITPOINT WARNING * * *
You are poisoned.
The killer bee poisons you! The killer bee stings you!
* * * LOW HITPOINT WARNING * * *
You are lethally poisoned!
The killer bee poisons you! You block the killer bee's attack.
The killer bee stings you but does no damage. 😱 HP[-13]
You take 13 damage, and now have 13/74 hp.
You slice the killer bee!!
You kill the killer bee!
* * * LOW HITPOINT WARNING * * *
You feel very sick. You block the killer bee's attack.
The killer bee stings you.
* * * LOW HITPOINT WARNING * * *
The killer bee stings you.
* * * LOW HITPOINT WARNING * * *
You are more poisoned.
The killer bee poisons you! 😱 HP[-11]
You take 11 damage, and now have 2/74 hp.
It was a potion of brilliance.
You feel clever all of a sudden.
You die...

Skill      XL: |  1  2  3  4  5  6  7  8  9 |
---------------+----------------------------+-----
Short Blades   | 1 2 3 4 |  4.2
Long Blades    | 1 2 3 4 |  4.2
Maces & Flails | 1 2 3 4 |  4.2
Polearms       | 1 2 3 4 |  4.2
Staves         | 1 2 3 4 |  4.2
Slings         | 1 2 3 4 |  4.2
Bows           | 1 2 3 4 |  4.2
Crossbows      | 1 2 3 4 |  4.2
Throwing       | 1 2 3 4 |  4.2
Dodging        | 1 2 3 4 |  4.2
Stealth        | 1 2 3 4 |  4.2
Unarmed Combat | 1 2 3 4 |  4.2
Spellcasting   | 1 2 3 4 |  4.2
Invocations    | 1 2 3 4 |  4.6
Evocations     | 1 2 3 4 |  4.2
Conjurations   | 1 2 3 |  3.4
Hexes          | 1 2 3 |  3.4
Summonings     | 1 2 3 |  3.4
Necromancy     | 1 2 3 |  3.4
Translocations | 1 2 3 |  3.4
Transmutations | 1 2 3 |  3.4
Fire Magic     | 1 2 3 |  3.4
Ice Magic      | 1 2 3 |  3.4
Air Magic      | 1 2 3 |  3.4
Earth Magic    | 1 2 3 |  3.4
Poison Magic   | 1 2 3 |  3.4
Axes           | 5 6 |  6.3
Fighting       | 7 |  7.8
Armour         | 7 |  7.8
Shields        | 7 |  7.8

Action                   |  1- 3 |  4- 6 |  7- 9 || total
-------------------------+-------+-------+-------++-------
Melee: War axe           |    57 |    88 |       ||   145
       Bite              |     5 |     7 |    30 ||    42
       Long sword        |       |    70 |   292 ||   362
       Unarmed           |       |       |     4 ||     4
Throw: Dart              |       |       |    18 ||    18
       Javelin           |       |       |     5 ||     5
       Stone             |       |       |     3 ||     3
Evoke: Wand              |       |       |     1 ||     1
  Use: Scroll            |       |       |     3 ||     3
       Potion            |       |       |     8 ||     8
 Stab: Sleeping          |       |     1 |     4 ||     5
Armor: Scale mail        |    23 |    36 |   149 ||   208
       Troll leather arm |       |    40 |    65 ||   105
       Skin              |       |       |     1 ||     1
Dodge: Dodged            |    27 |   109 |   244 ||   380
Block: Buckler           |    17 |    46 |   132 ||   195

Levels and vault maps discovered:
D:1:      minmay_arrival_four_circles, layout_loops_corners,
          ebering_ecumenical_altar_abandoned, minmay_cupped
D:2:      layout_rooms
D:3:      layout_loops_ring, old_standard_altar,
          gammafunk_temple_overflow_statue, serial_shops, shop_fountains,
          minmay_statues_item, uniq_jessica, uniq_pargi, uniq_natasha
D:4:      layout_gridville, makhleb_blood_cavern_becter
D:5:      layout_basic, grunt_decor_resistance, uniq_blork_the_orc
D:6:      layout_layer_cave, nicolae_vehumet_altar_sigil, st_stairs_12
D:7:      layout_rooms, lemuel_tele_altar, minmay_temple_entry_mist,
          kennysheep_doodads
Temple:   eino_temple_water

Notes
Turn   | Place    | Note
-------+----------+-------------------------------------------
     0 | D:1      | GrayStillPlays the Gnoll Fighter began the quest for the
                  | Orb.
     0 | D:1      | Reached XP level 1. HP: 23/23 MP: 1/1
     0 | D:1      | magus.rc [v1.9.6]
   112 | D:1      | Reached XP level 2. HP: 27/29 MP: 2/2
   410 | D:1      | Found a faded altar of an unknown god.
   924 | D:2      | Reached XP level 3. HP: 29/35 MP: 3/3
  1115 | D:2      | Reached skill level 1 in Short Blades
  1115 | D:2      | Reached skill level 1 in Long Blades
  1115 | D:2      | Reached skill level 1 in Maces & Flails
  1115 | D:2      | Reached skill level 1 in Polearms
  1115 | D:2      | Reached skill level 1 in Staves
  1115 | D:2      | Reached skill level 1 in Slings
  1115 | D:2      | Reached skill level 1 in Bows
  1115 | D:2      | Reached skill level 1 in Crossbows
  1115 | D:2      | Reached skill level 1 in Throwing
  1115 | D:2      | Reached skill level 1 in Dodging
  1115 | D:2      | Reached skill level 1 in Stealth
  1115 | D:2      | Reached skill level 1 in Unarmed Combat
  1115 | D:2      | Reached skill level 1 in Spellcasting
  1115 | D:2      | Reached skill level 1 in Invocations
  1115 | D:2      | Reached skill level 1 in Evocations
  1115 | D:2      | Reached XP level 4. HP: 36/41 MP: 3/5
  1331 | D:2      | Reached skill level 1 in Conjurations
  1331 | D:2      | Reached skill level 1 in Hexes
  1331 | D:2      | Reached skill level 1 in Summonings
  1331 | D:2      | Reached skill level 1 in Necromancy
  1331 | D:2      | Reached skill level 1 in Translocations
  1331 | D:2      | Reached skill level 1 in Transmutations
  1331 | D:2      | Reached skill level 1 in Fire Magic
  1331 | D:2      | Reached skill level 1 in Ice Magic
  1331 | D:2      | Reached skill level 1 in Air Magic
  1331 | D:2      | Reached skill level 1 in Earth Magic
  1331 | D:2      | Reached skill level 1 in Poison Magic
  1610 | D:3      | Noticed Pargi
  1631 | D:2      | Killed Pargi
  1632 | D:2      | Reached XP level 5. HP: 35/47 MP: 5/7
  1787 | D:3      | Reached skill level 2 in Invocations
  1787 | D:3      | Reached XP level 6. HP: 53/53 MP: 8/8
  2010 | D:3      | Noticed Jessica
  2013 | D:3      | Killed Jessica
  2026 | D:3      | Noticed Natasha
  2032 | D:3      | Killed Natasha
  2033 | D:3      | Reached skill level 2 in Short Blades
  2033 | D:3      | Reached skill level 2 in Long Blades
  2033 | D:3      | Reached skill level 5 in Axes
  2033 | D:3      | Reached skill level 2 in Maces & Flails
  2033 | D:3      | Reached skill level 2 in Polearms
  2033 | D:3      | Reached skill level 2 in Staves
  2033 | D:3      | Reached skill level 2 in Slings
  2033 | D:3      | Reached skill level 2 in Bows
  2033 | D:3      | Reached skill level 2 in Crossbows
  2033 | D:3      | Reached skill level 2 in Throwing
  2033 | D:3      | Reached skill level 2 in Dodging
  2033 | D:3      | Reached skill level 2 in Stealth
  2033 | D:3      | Reached skill level 2 in Unarmed Combat
  2033 | D:3      | Reached skill level 2 in Spellcasting
  2033 | D:3      | Reached skill level 2 in Evocations
  2046 | D:3      | Found Soverchalo's Antique Weapon Shop.
  2109 | D:3      | Noticed Natasha
  2118 | D:3      | Killed Natasha
  2148 | D:3      | Noticed Natasha
  2156 | D:3      | Killed Natasha
  2309 | D:3      | Found a shadowy altar of Dithmenos.
  2436 | D:3      | Found a bloodstained altar of Trog.
  2437 | D:3      | Found an ornate altar of the Wu Jian Council.
  2578 | D:4      | Noticed a black bear
  2583 | D:4      | Reached XP level 7. HP: 37/59 MP: 10/10
  2689 | D:4      | Reached skill level 7 in Fighting
  2689 | D:4      | Reached skill level 7 in Armour
  2689 | D:4      | Reached skill level 7 in Shields
  2695 | D:4      | Reached skill level 2 in Conjurations
  2695 | D:4      | Reached skill level 2 in Hexes
  2695 | D:4      | Reached skill level 2 in Summonings
  2695 | D:4      | Reached skill level 2 in Necromancy
  2695 | D:4      | Reached skill level 2 in Translocations
  2695 | D:4      | Reached skill level 2 in Transmutations
  2695 | D:4      | Reached skill level 2 in Fire Magic
  2695 | D:4      | Reached skill level 2 in Ice Magic
  2695 | D:4      | Reached skill level 2 in Air Magic
  2695 | D:4      | Reached skill level 2 in Earth Magic
  2695 | D:4      | Reached skill level 2 in Poison Magic
  2709 | D:4      | You pick up a book of Air and begin reading...
  2709 | D:4      | You add the spells Shock, Swiftness and Airstrike to your
                  | library.
  3176 | D:4      | Found a burning altar of Makhleb.
  3184 | D:4      | Reached skill level 3 in Invocations
  3606 | D:5      | Entered Level 5 of the Dungeon
  3733 | D:5      | Reached XP level 8. HP: 67/67 MP: 12/12
  3910 | D:5      | Reached skill level 3 in Short Blades
  3910 | D:5      | Reached skill level 3 in Long Blades
  3910 | D:5      | Reached skill level 3 in Maces & Flails
  3910 | D:5      | Reached skill level 3 in Polearms
  3910 | D:5      | Reached skill level 3 in Staves
  3910 | D:5      | Reached skill level 3 in Slings
  3910 | D:5      | Reached skill level 3 in Bows
  3910 | D:5      | Reached skill level 3 in Crossbows
  3910 | D:5      | Reached skill level 3 in Throwing
  3910 | D:5      | Reached skill level 3 in Dodging
  3910 | D:5      | Reached skill level 3 in Stealth
  3910 | D:5      | Reached skill level 3 in Unarmed Combat
  3910 | D:5      | Reached skill level 3 in Spellcasting
  3910 | D:5      | Reached skill level 3 in Evocations
  3984 | D:5      | Noticed Blork the orc
  4003 | D:5      | Killed Blork the orc
  4301 | D:5      | HP: 11/67 [poisoned by a water moccasin]
  4562 | D:5      | Found the +7 Kryia's mail coat {PotionHeal*2 rC+}
  5047 | D:6      | Reached skill level 4 in Invocations
  5085 | D:6      | Found a radiant altar of Vehumet.
  5117 | D:6      | Reached skill level 3 in Conjurations
  5117 | D:6      | Reached skill level 3 in Hexes
  5117 | D:6      | Reached skill level 3 in Summonings
  5117 | D:6      | Reached skill level 3 in Necromancy
  5117 | D:6      | Reached skill level 3 in Translocations
  5117 | D:6      | Reached skill level 3 in Transmutations
  5117 | D:6      | Reached skill level 3 in Fire Magic
  5117 | D:6      | Reached skill level 3 in Ice Magic
  5117 | D:6      | Reached skill level 3 in Air Magic
  5117 | D:6      | Reached skill level 3 in Earth Magic
  5117 | D:6      | Reached skill level 3 in Poison Magic
  5559 | D:6      | Reached skill level 6 in Axes
  5569 | D:6      | Reached XP level 9. HP: 69/73 MP: 14/14
  6063 | D:7      | Reached skill level 4 in Short Blades
  6063 | D:7      | Reached skill level 4 in Long Blades
  6063 | D:7      | Reached skill level 4 in Maces & Flails
  6063 | D:7      | Reached skill level 4 in Polearms
  6063 | D:7      | Reached skill level 4 in Staves
  6063 | D:7      | Reached skill level 4 in Slings
  6063 | D:7      | Reached skill level 4 in Bows
  6063 | D:7      | Reached skill level 4 in Crossbows
  6063 | D:7      | Reached skill level 4 in Throwing
  6063 | D:7      | Reached skill level 4 in Dodging
  6063 | D:7      | Reached skill level 4 in Stealth
  6063 | D:7      | Reached skill level 4 in Unarmed Combat
  6063 | D:7      | Reached skill level 4 in Spellcasting
  6063 | D:7      | Reached skill level 4 in Evocations
  6256 | D:7      | Found a staircase to the Ecumenical Temple.
  6272 | D:7      | HP: 18/74 [killer bee (4)]
  6279 | D:7      | HP: 18/74 [poisoned by a killer bee]
  6281 | D:7      | HP: 5/74 [killer bee (7)]
  6285 | Temple   | Entered the Ecumenical Temple
  6286 | Temple   | HP: 7/74 [poisoned by a killer bee]
  6292 | Temple   | HP: 13/74 [killer bee (7)]
  6293 | Temple   | HP: 3/74 [killer bee (5)]
  6294 | Temple   | Succumbed to a killer bee's poison

Vanquished Creatures
  A water moccasin (D:5)
  An ice beast (D:7)
  4 black bears
  Pargi (D:2)
  A necrophage (D:4)
  An ogre (D:6)
  2 centaurs
  2 kobold brigands
  Blork the orc (D:5)
  3 killer bees
  A bullfrog zombie (D:6)
  A jelly (D:2)
  2 hounds
  2 centaur skeletons
  An orc priest (D:5)
  A bullfrog skeleton (D:4)
  Jessica (D:3)
  4 iguanas
  8 orc wizards
  Natasha (thrice) (D:3)
  A hound skeleton (D:4)
  7 gnolls
  11 adders
  A shadow imp (D:6)
  A white imp (D:6)
  An ufetubus (D:6)
  An adder skeleton (D:4)
  2 worms
  4 dart slugs
  7 orcs
  6 ball pythons
  4 endoplasms
  3 giant cockroaches
  7 goblins
  4 hobgoblins
  13 jackals
  15 kobolds
  2 quokkas
  5 bats
  5 frilled lizards
  2 quokka skeletons (D:4)
  7 rats
150 creatures vanquished.

Table legend:
 A = Non-vault XP
 B = Vault XP
 C = Vault XP percentage of total XP
 D = Non-vault monster count
 E = Vault monster count
 F = Vault count percentage of total count
                 A         B        C        D         E       F
            +---------+---------+-------+---------+---------+-------
      Total |    2785 |     446 |  13.8 |     141 |       9 |   6.0
            +---------+---------+-------+---------+---------+-------
        D:1 |      22 |       4 |  15.4 |      13 |       2 |  13.3
        D:2 |     122 |     125 |  50.6 |      30 |       1 |   3.2
        D:3 |     280 |      70 |  20.0 |      34 |       2 |   5.6
        D:4 |     370 |     142 |  27.7 |      18 |       2 |  10.0
        D:5 |     535 |      91 |  14.5 |      15 |       1 |   6.2
        D:6 |     890 |      14 |   1.5 |      18 |       1 |   5.3
        D:7 |     437 |       0 |   0.0 |      11 |       0 |   0.0
     Temple |     129 |       0 |   0.0 |       2 |       0 |   0.0
            +---------+---------+-------+---------+---------+-------

Illustrated notes

Table legend:
 A = Kills in this place as a percentage of kills in entire the game.
 B = Kills by you in this place as a percentage of kills by you in the entire game.
 C = Kills by friends in this place as a percentage of kills by friends in the entire game.
 D = Other kills in this place as a percentage of other kills in the entire game.
 E = Experience gained in this place as a percentage of experience gained in the entire game.
 F = Experience gained in this place divided by the number of levels of this place that you have seen.
                   A       B       C       D       E      F
               +-------+-------+-------+-------+-------+----------------------
         Total | 100.0 | 100.0 |   N/A |   N/A | 100.0 | 403.9
       Dungeon |  98.7 |  98.7 |   N/A |   N/A |  96.0 | 443.1
        Temple |   1.3 |   1.3 |   N/A |   N/A |   4.0 | 129.0
               +-------+-------+-------+-------+-------+----------------------

Table legend: (Time is in decaauts)
 A = Elapsed time spent in this place.
 B = Non-inter-level travel time spent in this place.
 C = Inter-level travel time spent in this place.
 D = Time resting spent in this place.
 E = Time spent auto-exploring this place.
 F = Levels seen in this place.
 G = Mean time per level.
                   A        B        C        D        E       F      G
               +--------+--------+--------+--------+--------+-----+--------+
         Total |   6453 |   6036 |    417 |    233 |   4284 |   8 |  806.6 |
       Dungeon |   6444 |   6027 |    417 |    233 |   4284 |   7 |  920.6 |
        Temple |      9 |      9 |      0 |      0 |      0 |   1 |    9.0 |
               +--------+--------+--------+--------+--------+-----+--------+

Top non-repeatable levels by time:
     D:6: 1282 daAuts
     D:5: 1199 daAuts
     D:3: 1020 daAuts
     D:4: 938 daAuts
     D:1: 927 daAuts
     D:2: 825 daAuts
     D:7: 250 daAuts
  Temple: 9 daAuts
